[ AOE2 MATCH · #474875182 ]
UnrankedBengalis vs Slavs
[ REPLAY ANALYSIS · EXTRACTED FROM THE RECORDED GAME ]
Feudal
10:34
Castle
14:11
Imperial
32:26
| APM avg | 67.6 |
| APM peak | 116 |
| eAPM avg | 42.0 |
| Villagers / military | 310 / 1069 |
Focus
⚔️ 48.8% · 🌾 51.2%
Battle Elephant ×285 · Elephant Archer ×279 · Skirmisher ×201 · Ratha (Ranged) ×181 · Trade Cart ×126 · Armored Elephant ×86
Feudal
11:02
Castle
15:41
Imperial
42:14
| APM avg | 50.0 |
| APM peak | 117 |
| eAPM avg | 32.4 |
| Villagers / military | 248 / 1389 |
Focus
⚔️ 58.7% · 🌾 41.3%
Scout Cavalry ×700 · Spearman ×246 · Knight ×224 · Scorpion ×192 · Trade Cart ×81 · Battering Ram ×21
Feudal
9:08
Castle
20:02
Imperial
38:53
| APM avg | 59.6 |
| APM peak | 144 |
| eAPM avg | 40.1 |
| Villagers / military | 252 / 1268 |
Focus
⚔️ 50.4% · 🌾 49.6%
Spearman ×470 · Knight ×454 · Missionary ×157 · Trade Cart ×83 · Hand Cannoneer ×45 · Genitour ×37
Feudal
11:22
Castle
14:53
Imperial
35:58
| APM avg | 44.1 |
| APM peak | 111 |
| eAPM avg | 32.9 |
| Villagers / military | 241 / 1548 |
Focus
⚔️ 58.9% · 🌾 41.1%
Magyar Huszar ×923 · Knight ×520 · Scout Cavalry ×68 · Trade Cart ×65 · Trebuchet (Packed) ×36 · Mangonel ×1
Feudal
11:47
Castle
15:59
Imperial
33:36
| APM avg | 109.8 |
| APM peak | 189 |
| eAPM avg | 85.3 |
| Villagers / military | 216 / 1029 |
Focus
⚔️ 76.5% · 🌾 23.5%
Spearman ×299 · Cavalry Archer ×279 · Samurai ×102 · Skirmisher ×100 · Trade Cart ×95 · Scout Cavalry ×92
Feudal
9:44
Castle
17:27
Imperial
42:52
| APM avg | 102.3 |
| APM peak | 198 |
| eAPM avg | 71.6 |
| Villagers / military | 373 / 1277 |
Focus
⚔️ 78.5% · 🌾 21.5%
Spearman ×945 · Archer ×159 · Battle Elephant ×73 · Trade Cart ×56 · Bombard Cannon ×24 · Mangonel ×21
Feudal
9:43
Castle
18:38
Imperial
34:34
| APM avg | 39.0 |
| APM peak | 79 |
| eAPM avg | 26.4 |
| Villagers / military | 473 / 1844 |
Focus
⚔️ 49.0% · 🌾 51.0%
Scout Cavalry ×838 · Camel Archer ×311 · Skirmisher ×221 · Camel Scout ×189 · Genitour ×178 · Trade Cart ×109
Feudal
10:06
Castle
18:29
Imperial
54:04
| APM avg | 53.4 |
| APM peak | 119 |
| eAPM avg | 37.6 |
| Villagers / military | 309 / 545 |
Focus
⚔️ 38.0% · 🌾 62.0%
Genoese Crossbowman ×498 · Trade Cart ×87 · Unknown (882) ×36 · Trebuchet (Packed) ×23 · Bombard Cannon ×16 · Mangonel ×4
Match map
Initial resources + every placement click. Lines = walls · curves = elevation contours. ◆ gold · ⬟ stone · ● berries · ✦ relic · ◌ wall gap
Your base· ✓ Closed at 14:11 · 1t walls · 2 gate(s)
hK | Anubis's base· ✓ Closed at 15:41 · 0t walls · 2 gate(s)
hK | ChossMx's base· ✓ Closed at 20:02 · 8t walls · 2 gate(s)
Nheltarion's base· ✓ Closed at 14:53 · 0t walls · 3 gate(s)
KH | BooMBastic_'s base· ✓ Closed at 15:59 · 0t walls · 3 gate(s)
RoR | Hellequinn's base· ✓ Closed at 17:27 · 0t walls · 3 gate(s)
[KOF] Raychu's base· ✓ Closed at 18:38 · 0t walls · 3 gate(s)
Cagata Sonante's base· ✓ Closed at 18:29 · 33t walls · 2 gate(s)
Smoothed initial terrain · ◌ = detected wall gap · hover for details
Inputs per minute
— Simvall - - hK | Anubis
Build order — Simvall
First 150 of 1886 actions detected
| 0:04 | Create | Villager (Male) |
| 0:05 | Create | Villager (Male) |
| 0:05 | Create | Villager (Male) |
| 0:06 | Build | House |
| 0:08 | Build | House |
| 0:11 | Create | Villager (Male) |
| 0:11 | Create | Villager (Male) |
| 1:19 | Create | Villager (Male) |
| 1:19 | Create | Villager (Male) |
| 1:45 | Create | Villager (Male) |
| 1:45 | Create | Villager (Male) |
| 2:15 | Create | Villager (Male) |
| 2:16 | Create | Villager (Male) |
| 2:30 | Create | Villager (Male) |
| 2:30 | Create | Villager (Male) |
| 2:53 | Build | Lumber Camp |
| 3:07 | Create | Villager (Male) |
| 3:19 | Build | Palisade Wall |
| 3:21 | Build | Palisade Wall |
| 3:24 | Create | Villager (Male) |
| 3:36 | Create | Villager (Male) |
| 3:36 | Create | Villager (Male) |
| 3:55 | Build | House |
| 3:56 | Build | House |
| 3:56 | Build | House |
| 4:33 | Create | Villager (Male) |
| 4:34 | Create | Villager (Male) |
| 4:34 | Create | Villager (Male) |
| 4:34 | Create | Villager (Male) |
| 4:50 | Create | Villager (Male) |
| 4:50 | Create | Villager (Male) |
| 4:50 | Create | Villager (Male) |
| 4:53 | Build | House |
| 5:23 | Build | Mill |
| 5:46 | Create | Villager (Male) |
| 5:47 | Create | Villager (Male) |
| 5:47 | Create | Villager (Male) |
| 6:04 | Create | Villager (Male) |
| 6:55 | Build | Mining Camp |
| 6:58 | Create | Villager (Male) |
| 7:12 | Build | Farm |
| 7:38 | Build | Farm |
| 8:04 | Research | Feudal Age |
| 10:15 | Create | Villager (Male) |
| 10:15 | Create | Villager (Male) |
| 10:34 | Age | Feudal Age |
| 10:39 | Build | Market |
| 10:44 | Build | Blacksmith |
| 11:02 | Build | House |
| 11:31 | Research | Castle Age |
| 11:31 | Research | Castle Age |
| 12:08 | Research | Double-Bit Axe |
| 12:09 | Research | Double-Bit Axe |
| 12:15 | Build | House |
| 12:19 | Research | Horse Collar |
| 12:19 | Research | Horse Collar |
| 12:38 | Build | Farm |
| 12:40 | Build | Farm |
| 12:42 | Build | Farm |
| 13:03 | Build | Farm |
| 13:49 | Create | Villager (Male) |
| 13:49 | Create | Villager (Male) |
| 14:11 | Age | Castle Age |
| 14:13 | Build | Town Center |
| 14:32 | Create | Villager (Male) |
| 14:39 | Build | Monastery |
| 14:43 | Build | Monastery |
| 14:47 | Create | Villager (Male) |
| 15:05 | Build | Palisade Wall |
| 15:06 | Build | Palisade Wall |
| 15:08 | Build | Palisade Wall |
| 15:10 | Build | Palisade Wall |
| 15:12 | Build | Palisade Wall |
| 15:13 | Build | Palisade Wall |
| 15:15 | Build | Palisade Wall |
| 15:19 | Create | Monk |
| 15:19 | Create | Monk |
| 15:30 | Create | Villager (Male) |
| 15:30 | Create | Villager (Male) |
| 15:36 | Research | Bow Saw |
| 15:41 | Build | Farm |
| 15:42 | Build | Farm |
| 15:49 | Create | Monk |
| 15:50 | Create | Monk |
| 16:00 | Build | Farm |
| 16:01 | Build | Farm |
| 16:02 | Build | Farm |
| 16:05 | Build | Farm |
| 16:21 | Build | Monastery |
| 16:27 | Create | Villager (Male) |
| 16:29 | Create | Villager (Male) |
| 16:56 | Create | Villager (Male) |
| 16:59 | Create | Monk |
| 17:04 | Build | House |
| 17:05 | Build | House |
| 17:08 | Build | House |
| 17:16 | Create | Monk |
| 17:16 | Create | Monk |
| 17:38 | Create | Villager (Male) |
| 17:38 | Create | Villager (Male) |
| 17:38 | Create | Villager (Male) |
| 17:45 | Build | Town Center |
| 17:47 | Create | Villager (Male) |
| 17:50 | Build | Farm |
| 18:06 | Build | House |
| 18:13 | Create | Villager (Male) |
| 18:18 | Research | Sanctity |
| 18:19 | Research | Sanctity |
| 18:23 | Create | Villager (Male) |
| 18:28 | Create | Villager (Male) |
| 18:29 | Create | Villager (Male) |
| 18:35 | Create | Monk |
| 18:35 | Create | Monk |
| 18:38 | Create | Villager (Male) |
| 18:40 | Build | House |
| 18:41 | Create | Villager (Male) |
| 18:41 | Create | Villager (Male) |
| 19:04 | Create | Monk |
| 19:05 | Create | Monk |
| 19:05 | Create | Villager (Male) |
| 19:05 | Create | Villager (Male) |
| 19:11 | Build | Farm |
| 19:12 | Build | Farm |
| 19:13 | Build | House |
| 19:17 | Create | Villager (Male) |
| 19:32 | Build | Farm |
| 19:34 | Create | Villager (Male) |
| 19:37 | Build | Farm |
| 19:37 | Build | Farm |
| 19:37 | Build | Farm |
| 19:37 | Build | Farm |
| 19:38 | Build | Farm |
| 19:38 | Build | Farm |
| 19:38 | Build | Farm |
| 19:38 | Build | Farm |
| 19:45 | Create | Villager (Male) |
| 19:45 | Create | Villager (Male) |
| 19:52 | Build | House |
| 19:53 | Build | House |
| 19:54 | Build | House |
| 19:57 | Build | House |
| 19:58 | Create | Villager (Male) |
| 20:17 | Build | Farm |
| 20:29 | Create | Villager (Male) |
| 20:29 | Create | Villager (Male) |
| 20:30 | Create | Villager (Male) |
| 20:32 | Create | Villager (Male) |
| 20:44 | Build | Farm |
| 20:44 | Create | Villager (Male) |
| 20:45 | Create | Villager (Male) |
Build order — hK | Anubis
First 150 of 1703 actions detected
| 0:03 | Create | Villager (Male) |
| 0:04 | Create | Villager (Male) |
| 0:05 | Build | House |
| 0:06 | Build | House |
| 0:11 | Create | Villager (Male) |
| 0:16 | Create | Villager (Male) |
| 0:16 | Create | Villager (Male) |
| 1:15 | Create | Villager (Male) |
| 1:16 | Create | Villager (Male) |
| 2:02 | Create | Villager (Male) |
| 2:02 | Create | Villager (Male) |
| 2:05 | Build | Lumber Camp |
| 2:29 | Create | Villager (Male) |
| 2:54 | Create | Villager (Male) |
| 2:54 | Create | Villager (Male) |
| 3:11 | Create | Villager (Male) |
| 3:11 | Create | Villager (Male) |
| 3:33 | Create | Villager (Male) |
| 3:36 | Create | Villager (Male) |
| 3:36 | Create | Villager (Male) |
| 3:57 | Build | House |
| 3:59 | Build | House |
| 4:00 | Build | House |
| 4:02 | Create | Villager (Male) |
| 4:03 | Create | Villager (Male) |
| 4:03 | Create | Villager (Male) |
| 4:16 | Create | Villager (Male) |
| 4:34 | Create | Villager (Male) |
| 4:35 | Create | Villager (Male) |
| 5:01 | Create | Villager (Male) |
| 5:17 | Create | Villager (Male) |
| 5:25 | Create | Villager (Male) |
| 5:34 | Build | Mill |
| 5:39 | Create | Villager (Male) |
| 6:42 | Create | Villager (Male) |
| 6:57 | Create | Villager (Male) |
| 7:00 | Create | Villager (Male) |
| 7:02 | Create | Villager (Male) |
| 7:43 | Create | Villager (Male) |
| 7:54 | Create | Villager (Male) |
| 7:58 | Build | Farm |
| 7:59 | Build | Farm |
| 8:02 | Build | Farm |
| 8:24 | Create | Villager (Male) |
| 8:35 | Build | Mining Camp |
| 8:52 | Research | Feudal Age |
| 9:58 | Build | Farm |
| 10:00 | Build | Farm |
| 10:52 | Create | Villager (Male) |
| 11:02 | Age | Feudal Age |
| 11:09 | Build | Market |
| 11:46 | Create | Villager (Male) |
| 12:00 | Build | Blacksmith |
| 12:10 | Create | Villager (Male) |
| 12:26 | Research | Loom |
| 12:47 | Research | Castle Age |
| 12:53 | Build | Barracks |
| 13:36 | Build | House |
| 13:48 | Research | Double-Bit Axe |
| 13:49 | Research | Horse Collar |
| 14:18 | Build | Stable |
| 14:32 | Create | Villager (Male) |
| 14:38 | Build | Farm |
| 14:47 | Build | Stable |
| 14:50 | Research | Forging |
| 15:25 | Build | Farm |
| 15:29 | Research | Bloodlines |
| 15:41 | Age | Castle Age |
| 15:43 | Create | Knight |
| 15:51 | Create | Villager (Male) |
| 16:00 | Build | Farm |
| 16:01 | Build | Farm |
| 16:04 | Create | Knight |
| 16:24 | Build | Farm |
| 16:26 | Build | Farm |
| 16:27 | Build | Farm |
| 16:32 | Create | Knight |
| 16:32 | Create | Knight |
| 16:38 | Create | Villager (Male) |
| 16:38 | Create | Villager (Male) |
| 17:05 | Build | Farm |
| 17:07 | Create | Knight |
| 17:07 | Create | Knight |
| 17:24 | Build | Farm |
| 17:26 | Create | Villager (Male) |
| 17:27 | Create | Villager (Male) |
| 17:41 | Create | Knight |
| 17:46 | Build | Farm |
| 17:50 | Create | Knight |
| 18:02 | Create | Villager (Male) |
| 18:20 | Create | Knight |
| 18:21 | Create | Villager (Male) |
| 18:40 | Create | Knight |
| 19:00 | Research | Scale Barding Armor |
| 19:10 | Create | Knight |
| 19:16 | Build | Farm |
| 19:17 | Build | Farm |
| 19:18 | Build | Farm |
| 19:41 | Create | Knight |
| 19:42 | Create | Knight |
| 20:00 | Create | Villager (Male) |
| 20:02 | Create | Knight |
| 20:02 | Create | Knight |
| 20:12 | Create | Villager (Male) |
| 20:43 | Create | Knight |
| 20:47 | Create | Villager (Male) |
| 20:48 | Create | Knight |
| 20:50 | Create | Villager (Male) |
| 20:57 | Create | Villager (Male) |
| 21:04 | Build | House |
| 21:11 | Create | Knight |
| 21:11 | Create | Knight |
| 21:33 | Create | Knight |
| 21:34 | Create | Knight |
| 21:34 | Create | Villager (Male) |
| 21:35 | Create | Villager (Male) |
| 21:48 | Create | Villager (Male) |
| 22:15 | Build | House |
| 22:16 | Create | Villager (Male) |
| 22:26 | Research | Chain Barding Armor |
| 22:43 | Create | Villager (Male) |
| 22:47 | Build | House |
| 22:48 | Build | House |
| 22:49 | Create | Villager (Male) |
| 22:54 | Create | Villager (Male) |
| 22:54 | Create | Villager (Male) |
| 22:59 | Create | Knight |
| 23:29 | Create | Knight |
| 23:29 | Create | Knight |
| 23:30 | Create | Villager (Male) |
| 23:33 | Build | Town Center |
| 23:48 | Create | Knight |
| 23:50 | Create | Villager (Male) |
| 23:54 | Build | Farm |
| 23:55 | Build | Farm |
| 23:55 | Build | Farm |
| 23:56 | Create | Villager (Male) |
| 24:12 | Create | Knight |
| 24:13 | Create | Knight |
| 24:30 | Create | Knight |
| 24:30 | Create | Knight |
| 24:55 | Create | Knight |
| 24:55 | Create | Knight |
| 24:55 | Create | Villager (Male) |
| 24:58 | Create | Villager (Male) |
| 24:59 | Create | Villager (Male) |
| 24:59 | Create | Villager (Male) |
| 25:04 | Create | Knight |
| 25:04 | Create | Knight |
| 25:26 | Create | Knight |
Build order — hK | ChossMx
First 150 of 1647 actions detected
| 0:02 | Create | Villager (Male) |
| 0:03 | Build | House |
| 0:04 | Create | Villager (Male) |
| 0:05 | Create | Villager (Male) |
| 0:06 | Build | House |
| 0:09 | Create | Villager (Male) |
| 0:09 | Create | Villager (Male) |
| 0:34 | Build | House |
| 1:31 | Create | Villager (Male) |
| 1:56 | Create | Villager (Male) |
| 1:57 | Build | Lumber Camp |
| 2:28 | Create | Villager (Male) |
| 2:30 | Create | Villager (Male) |
| 2:30 | Create | Villager (Male) |
| 2:53 | Create | Villager (Male) |
| 2:53 | Create | Villager (Male) |
| 3:22 | Create | Villager (Male) |
| 4:07 | Create | Villager (Male) |
| 4:07 | Create | Villager (Male) |
| 4:08 | Create | Villager (Male) |
| 4:51 | Create | Villager (Male) |
| 5:00 | Build | Barracks |
| 5:11 | Create | Villager (Male) |
| 5:34 | Create | Villager (Male) |
| 5:59 | Build | Mining Camp |
| 6:11 | Create | Villager (Male) |
| 6:58 | Research | Feudal Age |
| 6:58 | Research | Feudal Age |
| 7:18 | Create | Militia |
| 7:18 | Create | Militia |
| 7:18 | Create | Militia |
| 7:50 | Create | Militia |
| 7:58 | Build | Mill |
| 8:13 | Create | Militia |
| 8:42 | Create | Villager (Male) |
| 8:56 | Build | House |
| 9:08 | Age | Feudal Age |
| 9:09 | Research | Man-at-Arms (upgrade) |
| 9:09 | Research | Man-at-Arms (upgrade) |
| 9:09 | Research | Man-at-Arms (upgrade) |
| 9:26 | Build | Watch Tower |
| 9:34 | Create | Villager (Male) |
| 9:45 | Research | Double-Bit Axe |
| 9:45 | Research | Double-Bit Axe |
| 10:14 | Create | Villager (Male) |
| 10:55 | Research | Loom |
| 10:55 | Create | Villager (Male) |
| 11:05 | Build | Watch Tower |
| 11:07 | Create | Villager (Male) |
| 11:10 | Build | Farm |
| 11:12 | Build | Farm |
| 11:13 | Build | Farm |
| 11:33 | Create | Villager (Male) |
| 11:36 | Build | Farm |
| 11:37 | Build | Farm |
| 11:43 | Build | House |
| 11:58 | Create | Villager (Male) |
| 12:06 | Create | Villager (Male) |
| 12:10 | Build | Palisade Wall |
| 12:10 | Build | Palisade Wall |
| 12:11 | Build | Palisade Wall |
| 12:33 | Create | Villager (Male) |
| 12:36 | Build | Farm |
| 12:39 | Build | Farm |
| 12:52 | Build | Watch Tower |
| 12:57 | Create | Villager (Male) |
| 13:01 | Build | Farm |
| 13:02 | Build | Farm |
| 13:11 | Create | Villager (Male) |
| 13:16 | Build | Farm |
| 13:19 | Build | Farm |
| 13:24 | Build | Palisade Wall |
| 13:25 | Build | Palisade Wall |
| 13:25 | Build | Palisade Wall |
| 13:26 | Build | Palisade Wall |
| 13:26 | Create | Villager (Male) |
| 14:08 | Build | Palisade Wall |
| 14:26 | Build | Blacksmith |
| 14:52 | Build | Mining Camp |
| 15:03 | Create | Villager (Male) |
| 15:09 | Build | House |
| 15:27 | Build | Watch Tower |
| 15:30 | Create | Villager (Male) |
| 15:43 | Create | Villager (Male) |
| 15:58 | Build | House |
| 16:15 | Research | Town Watch |
| 16:18 | Build | Market |
| 16:55 | Build | Stone Wall |
| 17:22 | Research | Castle Age |
| 17:22 | Research | Castle Age |
| 17:35 | Research | Gold Mining |
| 17:37 | Research | Stone Mining |
| 17:38 | Research | Stone Mining |
| 18:16 | Research | Gold Mining |
| 18:16 | Research | Gold Mining |
| 19:24 | Create | Villager (Male) |
| 19:40 | Research | Fletching |
| 19:40 | Research | Fletching |
| 20:02 | Age | Castle Age |
| 20:08 | Build | Farm |
| 20:09 | Build | Farm |
| 20:11 | Research | Bow Saw |
| 20:12 | Research | Horse Collar |
| 20:32 | Create | Villager (Male) |
| 20:43 | Build | Siege Workshop |
| 20:51 | Create | Villager (Male) |
| 20:58 | Build | Town Center |
| 21:03 | Build | Palisade Wall |
| 21:05 | Build | Palisade Wall |
| 21:07 | Build | Palisade Wall |
| 21:07 | Create | Mangonel |
| 21:12 | Create | Villager (Male) |
| 21:21 | Create | Villager (Male) |
| 21:25 | Build | House |
| 21:29 | Build | Palisade Wall |
| 21:33 | Build | Palisade Wall |
| 21:37 | Create | Villager (Male) |
| 22:01 | Create | Villager (Male) |
| 22:06 | Create | Mangonel |
| 22:14 | Create | Villager (Male) |
| 22:16 | Create | Villager (Male) |
| 22:21 | Build | Lumber Camp |
| 22:45 | Create | Villager (Male) |
| 22:57 | Build | House |
| 23:11 | Create | Villager (Male) |
| 23:36 | Create | Villager (Male) |
| 23:40 | Create | Villager (Male) |
| 24:05 | Build | Palisade Wall |
| 24:10 | Create | Villager (Male) |
| 24:21 | Create | Villager (Male) |
| 24:32 | Build | Farm |
| 24:32 | Build | Farm |
| 24:32 | Build | Farm |
| 24:32 | Build | Farm |
| 24:33 | Build | Farm |
| 24:33 | Build | Farm |
| 24:56 | Build | Castle |
| 25:03 | Build | Monastery |
| 25:07 | Build | Monastery |
| 25:23 | Create | Villager (Male) |
| 25:42 | Create | Missionary |
| 25:44 | Create | Missionary |
| 25:45 | Create | Villager (Male) |
| 25:54 | Create | Conquistador |
| 25:55 | Create | Conquistador |
| 25:59 | Create | Villager (Male) |
| 26:03 | Create | Villager (Male) |
| 26:03 | Create | Villager (Male) |
| 26:13 | Build | Farm |
| 26:19 | Build | Town Center |
Build order — Nheltarion
First 150 of 1477 actions detected
| 0:01 | Create | Villager (Male) |
| 0:03 | Build | House |
| 0:05 | Build | House |
| 0:05 | Create | Villager (Male) |
| 0:07 | Create | Villager (Male) |
| 0:08 | Create | Villager (Male) |
| 1:09 | Create | Villager (Male) |
| 1:44 | Create | Villager (Male) |
| 1:48 | Build | Lumber Camp |
| 1:57 | Create | Villager (Male) |
| 2:46 | Create | Villager (Male) |
| 2:55 | Create | Villager (Male) |
| 3:19 | Build | House |
| 3:20 | Build | House |
| 3:20 | Build | House |
| 3:29 | Create | Villager (Male) |
| 3:31 | Build | House |
| 3:43 | Create | Villager (Male) |
| 4:14 | Create | Villager (Male) |
| 4:32 | Create | Villager (Male) |
| 4:39 | Build | Mill |
| 4:54 | Build | Mill |
| 5:03 | Create | Villager (Male) |
| 5:03 | Create | Villager (Male) |
| 5:36 | Create | Villager (Male) |
| 5:37 | Create | Villager (Male) |
| 5:45 | Create | Villager (Male) |
| 5:54 | Build | Farm |
| 5:57 | Build | Farm |
| 6:24 | Build | Farm |
| 6:48 | Create | Villager (Male) |
| 6:48 | Create | Villager (Male) |
| 7:12 | Build | Farm |
| 7:59 | Create | Villager (Male) |
| 7:59 | Create | Villager (Male) |
| 9:00 | Build | Mining Camp |
| 9:02 | Research | Feudal Age |
| 9:03 | Research | Feudal Age |
| 10:00 | Create | Villager (Male) |
| 10:00 | Create | Villager (Male) |
| 11:22 | Age | Feudal Age |
| 11:23 | Build | Market |
| 11:24 | Build | Blacksmith |
| 11:30 | Build | House |
| 11:39 | Research | Double-Bit Axe |
| 11:39 | Research | Double-Bit Axe |
| 12:13 | Research | Castle Age |
| 12:19 | Research | Horse Collar |
| 12:21 | Build | Farm |
| 12:23 | Build | Farm |
| 12:58 | Build | Farm |
| 13:07 | Build | Farm |
| 14:18 | Create | Villager (Male) |
| 14:53 | Age | Castle Age |
| 14:56 | Build | Town Center |
| 14:57 | Create | Villager (Male) |
| 15:03 | Build | Town Center |
| 15:16 | Create | Villager (Male) |
| 15:39 | Research | Bow Saw |
| 15:44 | Create | Villager (Male) |
| 15:47 | Research | Heavy Plow |
| 16:01 | Create | Villager (Male) |
| 16:03 | Build | Farm |
| 16:11 | Build | Farm |
| 16:23 | Create | Villager (Male) |
| 16:26 | Create | Villager (Male) |
| 16:30 | Create | Villager (Male) |
| 16:35 | Build | House |
| 16:35 | Create | Villager (Male) |
| 16:41 | Build | Farm |
| 16:42 | Create | Villager (Male) |
| 16:47 | Build | Farm |
| 16:52 | Create | Villager (Male) |
| 16:54 | Create | Villager (Male) |
| 17:00 | Build | Farm |
| 17:03 | Build | Farm |
| 17:07 | Create | Villager (Male) |
| 17:11 | Create | Villager (Male) |
| 17:16 | Create | Villager (Male) |
| 17:23 | Build | Farm |
| 17:25 | Create | Villager (Male) |
| 17:30 | Build | Farm |
| 17:39 | Build | Farm |
| 17:52 | Build | Farm |
| 17:57 | Build | Farm |
| 18:00 | Build | Farm |
| 18:02 | Create | Villager (Male) |
| 18:10 | Build | Farm |
| 18:11 | Create | Villager (Male) |
| 18:15 | Create | Villager (Male) |
| 18:21 | Build | Farm |
| 18:28 | Build | House |
| 18:37 | Research | Wheelbarrow |
| 18:47 | Create | Villager (Male) |
| 19:07 | Build | Farm |
| 19:10 | Build | Farm |
| 19:14 | Create | Villager (Male) |
| 19:18 | Build | Farm |
| 19:20 | Build | Farm |
| 19:22 | Build | Farm |
| 19:22 | Create | Villager (Male) |
| 19:31 | Research | Stone Mining |
| 19:31 | Research | Stone Mining |
| 19:42 | Create | Villager (Male) |
| 19:52 | Build | Farm |
| 19:54 | Build | Farm |
| 19:54 | Build | Farm |
| 20:00 | Build | House |
| 20:06 | Create | Villager (Male) |
| 20:06 | Create | Villager (Male) |
| 20:07 | Create | Villager (Male) |
| 20:07 | Create | Villager (Male) |
| 20:24 | Create | Villager (Male) |
| 20:39 | Build | House |
| 20:50 | Create | Villager (Male) |
| 20:50 | Create | Villager (Male) |
| 21:09 | Build | Barracks |
| 21:14 | Create | Villager (Male) |
| 21:14 | Create | Villager (Male) |
| 21:15 | Create | Villager (Male) |
| 21:15 | Create | Villager (Male) |
| 21:26 | Build | Castle |
| 21:30 | Research | Scale Barding Armor |
| 21:37 | Build | Farm |
| 21:38 | Build | Farm |
| 21:54 | Create | Villager (Male) |
| 21:57 | Research | Loom |
| 22:03 | Build | Farm |
| 22:04 | Build | Farm |
| 22:04 | Build | Farm |
| 22:05 | Build | Farm |
| 22:07 | Build | Mill |
| 22:08 | Build | Farm |
| 22:10 | Create | Villager (Male) |
| 22:19 | Build | Stable |
| 22:25 | Create | Magyar Huszar |
| 22:26 | Create | Magyar Huszar |
| 22:26 | Create | Magyar Huszar |
| 22:27 | Create | Villager (Male) |
| 22:37 | Create | Villager (Male) |
| 22:43 | Create | Villager (Male) |
| 22:57 | Build | Mining Camp |
| 22:59 | Create | Magyar Huszar |
| 23:06 | Create | Magyar Huszar |
| 23:06 | Create | Magyar Huszar |
| 23:07 | Create | Villager (Male) |
| 23:25 | Create | Villager (Male) |
| 23:29 | Create | Magyar Huszar |
| 23:29 | Create | Magyar Huszar |
| 23:38 | Create | Magyar Huszar |
Build order — KH | BooMBastic_
First 150 of 1782 actions detected
| 0:01 | Create | Villager (Male) |
| 0:01 | Create | Villager (Male) |
| 0:01 | Create | Villager (Male) |
| 0:03 | Create | Villager (Male) |
| 0:04 | Build | House |
| 0:06 | Build | House |
| 1:28 | Create | Villager (Male) |
| 1:28 | Create | Villager (Male) |
| 1:50 | Create | Villager (Male) |
| 1:50 | Create | Villager (Male) |
| 2:00 | Build | Lumber Camp |
| 2:24 | Create | Villager (Male) |
| 2:24 | Create | Villager (Male) |
| 2:37 | Build | House |
| 2:37 | Build | House |
| 2:49 | Create | Villager (Male) |
| 2:50 | Create | Villager (Male) |
| 3:04 | Create | Villager (Male) |
| 3:11 | Create | Villager (Male) |
| 3:28 | Build | Mill |
| 3:41 | Create | Villager (Male) |
| 3:41 | Create | Villager (Male) |
| 4:12 | Create | Villager (Male) |
| 4:22 | Build | Lumber Camp |
| 4:29 | Create | Villager (Male) |
| 4:52 | Create | Villager (Male) |
| 5:15 | Create | Villager (Male) |
| 6:04 | Create | Villager (Male) |
| 6:16 | Create | Villager (Male) |
| 6:22 | Create | Villager (Male) |
| 6:36 | Create | Villager (Male) |
| 6:46 | Build | Mining Camp |
| 7:17 | Build | House |
| 7:18 | Build | House |
| 7:33 | Create | Villager (Male) |
| 7:37 | Build | Farm |
| 8:04 | Build | Farm |
| 8:09 | Build | Farm |
| 8:10 | Create | Villager (Male) |
| 8:13 | Build | Farm |
| 8:14 | Build | Farm |
| 8:37 | Create | Villager (Male) |
| 9:00 | Create | Villager (Male) |
| 9:20 | Build | Farm |
| 9:23 | Research | Feudal Age |
| 9:23 | Research | Feudal Age |
| 10:47 | Build | Barracks |
| 11:46 | Create | Villager (Male) |
| 11:47 | Age | Feudal Age |
| 11:58 | Build | Stable |
| 12:04 | Build | Market |
| 12:11 | Create | Villager (Male) |
| 12:14 | Research | Double-Bit Axe |
| 12:15 | Research | Double-Bit Axe |
| 12:27 | Create | Villager (Male) |
| 13:07 | Build | Stable |
| 13:09 | Research | Horse Collar |
| 13:09 | Research | Horse Collar |
| 13:19 | Research | Castle Age |
| 13:19 | Research | Castle Age |
| 13:21 | Research | Horse Collar |
| 13:21 | Research | Horse Collar |
| 13:33 | Build | Farm |
| 13:35 | Build | Farm |
| 13:40 | Build | Farm |
| 13:41 | Build | Farm |
| 13:51 | Build | House |
| 13:55 | Research | Gold Mining |
| 13:55 | Research | Gold Mining |
| 14:04 | Build | House |
| 14:51 | Research | Bloodlines |
| 14:52 | Research | Bloodlines |
| 14:59 | Build | Blacksmith |
| 15:15 | Build | Farm |
| 15:43 | Create | Villager (Male) |
| 15:45 | Research | Scale Barding Armor |
| 15:46 | Research | Scale Barding Armor |
| 15:59 | Age | Castle Age |
| 16:01 | Create | Knight |
| 16:01 | Create | Knight |
| 16:12 | Create | Knight |
| 16:12 | Create | Villager (Male) |
| 16:15 | Build | Town Center |
| 16:34 | Create | Knight |
| 16:47 | Create | Knight |
| 16:47 | Create | Knight |
| 16:54 | Create | Villager (Male) |
| 16:54 | Create | Villager (Male) |
| 16:57 | Build | Farm |
| 17:02 | Create | Knight |
| 17:25 | Create | Villager (Male) |
| 17:31 | Create | Knight |
| 17:31 | Create | Knight |
| 17:37 | Build | Farm |
| 17:39 | Build | Farm |
| 17:41 | Build | Farm |
| 17:47 | Create | Knight |
| 18:07 | Create | Villager (Male) |
| 18:11 | Build | Farm |
| 18:12 | Create | Villager (Male) |
| 18:12 | Create | Villager (Male) |
| 18:33 | Create | Knight |
| 18:33 | Create | Knight |
| 18:55 | Create | Knight |
| 19:06 | Create | Villager (Male) |
| 19:09 | Build | Monastery |
| 19:34 | Research | Light Cavalry (upgrade) |
| 19:36 | Create | Villager (Male) |
| 19:50 | Build | Farm |
| 19:52 | Build | Farm |
| 19:57 | Create | Villager (Male) |
| 19:57 | Create | Villager (Male) |
| 20:00 | Build | Farm |
| 20:01 | Build | Farm |
| 20:02 | Create | Villager (Male) |
| 20:15 | Create | Villager (Male) |
| 20:20 | Research | Bow Saw |
| 20:20 | Research | Bow Saw |
| 20:26 | Build | House |
| 20:32 | Build | House |
| 20:57 | Create | Villager (Male) |
| 21:00 | Research | Wheelbarrow |
| 21:00 | Research | Wheelbarrow |
| 21:01 | Create | Villager (Male) |
| 21:26 | Build | Town Center |
| 21:43 | Create | Villager (Male) |
| 21:59 | Research | Devotion |
| 21:59 | Research | Devotion |
| 22:00 | Create | Villager (Male) |
| 22:00 | Create | Scout Cavalry |
| 22:01 | Create | Scout Cavalry |
| 22:02 | Create | Villager (Male) |
| 22:02 | Create | Villager (Male) |
| 22:11 | Create | Villager (Male) |
| 22:12 | Create | Villager (Male) |
| 22:13 | Build | House |
| 22:14 | Build | House |
| 22:15 | Create | Villager (Male) |
| 22:18 | Build | Farm |
| 22:19 | Build | Farm |
| 22:37 | Create | Villager (Male) |
| 22:40 | Build | Farm |
| 22:46 | Build | Farm |
| 23:04 | Create | Villager (Male) |
| 23:07 | Create | Villager (Male) |
| 23:19 | Create | Villager (Male) |
| 23:20 | Create | Scout Cavalry |
| 23:20 | Create | Scout Cavalry |
| 23:20 | Create | Villager (Male) |
| 23:34 | Create | Scout Cavalry |
Build order — RoR | Hellequinn
First 150 of 2061 actions detected
| 0:00 | Create | Villager (Male) ×4 |
| 0:01 | Create | Villager (Male) ×4 |
| 0:05 | Build | House |
| 0:06 | Build | House |
| 1:39 | Create | Villager (Male) |
| 1:39 | Create | Villager (Male) |
| 1:48 | Build | Lumber Camp |
| 1:54 | Create | Villager (Male) |
| 1:55 | Create | Villager (Male) |
| 2:09 | Create | Villager (Male) |
| 2:56 | Create | Villager (Male) |
| 3:26 | Create | Villager (Male) |
| 3:29 | Create | Villager (Male) |
| 3:59 | Build | House |
| 4:02 | Create | Villager (Male) |
| 4:32 | Create | Villager (Male) |
| 4:33 | Create | Villager (Male) |
| 4:33 | Create | Villager (Male) |
| 4:53 | Build | Mill |
| 4:55 | Create | Villager (Male) |
| 5:13 | Create | Villager (Male) |
| 5:27 | Create | Villager (Male) |
| 5:59 | Build | House |
| 6:06 | Create | Villager (Male) |
| 6:14 | Build | House |
| 7:01 | Create | Villager (Male) |
| 7:33 | Create | Villager (Male) |
| 7:53 | Build | Mining Camp |
| 7:59 | Create | Villager (Male) |
| 8:02 | Research | Feudal Age |
| 8:46 | Build | Barracks |
| 9:37 | Build | House |
| 9:44 | Age | Feudal Age |
| 9:46 | Create | Villager (Male) |
| 9:51 | Build | Archery Range |
| 9:52 | Research | Double-Bit Axe |
| 10:00 | Create | Villager (Male) |
| 10:03 | Create | Villager (Male) |
| 10:16 | Research | Horse Collar |
| 10:45 | Build | Farm |
| 10:47 | Create | Archer |
| 10:50 | Build | House |
| 10:51 | Build | House |
| 10:55 | Create | Villager (Male) |
| 11:01 | Create | Archer |
| 11:14 | Build | Farm |
| 11:22 | Create | Villager (Male) |
| 11:27 | Create | Villager (Male) |
| 11:29 | Build | Farm |
| 11:31 | Create | Archer |
| 11:50 | Create | Archer |
| 11:50 | Create | Archer |
| 11:52 | Create | Spearman |
| 11:57 | Create | Archer |
| 12:03 | Create | Villager (Male) |
| 12:09 | Build | Farm |
| 12:12 | Create | Villager (Male) |
| 12:16 | Build | House |
| 12:17 | Create | Archer |
| 12:19 | Create | Villager (Male) |
| 12:39 | Build | Farm |
| 12:41 | Build | Farm |
| 12:42 | Build | Farm |
| 12:44 | Build | Farm |
| 12:53 | Create | Villager (Male) |
| 13:04 | Create | Villager (Male) ×5 |
| 13:04 | Create | Villager (Male) ×2 |
| 13:04 | Create | Villager (Male) ×2 |
| 13:07 | Build | Farm |
| 13:12 | Create | Archer |
| 13:19 | Create | Villager (Male) |
| 13:42 | Create | Archer |
| 13:47 | Build | Blacksmith |
| 13:49 | Build | House |
| 13:50 | Create | Villager (Male) |
| 13:51 | Create | Villager (Male) |
| 13:56 | Create | Villager (Male) |
| 13:57 | Build | House |
| 14:01 | Build | House |
| 14:03 | Build | House |
| 14:06 | Build | House |
| 14:07 | Build | House |
| 14:08 | Create | Villager (Male) |
| 14:10 | Create | Archer |
| 14:17 | Research | Loom |
| 14:19 | Create | Villager (Male) |
| 14:25 | Build | House |
| 14:37 | Build | House |
| 14:49 | Research | Fletching |
| 14:59 | Build | Farm |
| 15:00 | Build | Farm |
| 15:01 | Build | Farm |
| 15:06 | Build | Farm |
| 15:12 | Create | Villager (Male) |
| 15:31 | Create | Archer |
| 15:38 | Build | Farm |
| 15:51 | Research | Castle Age |
| 16:05 | Create | Archer |
| 16:12 | Create | Archer |
| 16:30 | Build | Archery Range |
| 16:32 | Research | Fletching |
| 16:34 | Create | Archer |
| 16:34 | Create | Archer |
| 16:35 | Create | Villager (Male) |
| 16:40 | Build | Farm |
| 16:57 | Build | Farm |
| 16:58 | Create | Archer |
| 17:27 | Age | Castle Age |
| 17:28 | Research | Bodkin Arrow |
| 17:42 | Create | Spearman |
| 17:42 | Create | Spearman |
| 17:59 | Create | Villager (Male) |
| 18:20 | Research | Crossbowman (upgrade) |
| 18:22 | Create | Villager (Male) |
| 18:58 | Create | Villager (Male) |
| 19:03 | Create | Archer |
| 19:03 | Create | Archer |
| 19:04 | Create | Villager (Male) |
| 19:10 | Create | Archer |
| 19:10 | Create | Archer |
| 19:12 | Build | Farm |
| 19:14 | Create | Archer |
| 19:18 | Build | Siege Workshop |
| 19:27 | Create | Spearman |
| 19:28 | Create | Spearman |
| 19:28 | Create | Spearman |
| 19:40 | Create | Villager (Male) |
| 19:53 | Create | Archer |
| 19:54 | Create | Archer |
| 19:55 | Create | Archer |
| 20:06 | Create | Villager (Male) |
| 20:09 | Build | Town Center |
| 20:45 | Create | Mangonel |
| 20:52 | Create | Villager (Male) |
| 20:52 | Create | Villager (Male) |
| 20:53 | Create | Villager (Male) |
| 20:54 | Create | Villager (Male) |
| 20:56 | Build | Farm |
| 21:01 | Create | Spearman |
| 21:04 | Research | Pikeman (upgrade) |
| 21:17 | Create | Villager (Male) |
| 21:18 | Create | Villager (Male) |
| 21:19 | Create | Villager (Male) |
| 21:30 | Create | Archer |
| 21:31 | Create | Archer |
| 21:36 | Create | Spearman |
| 21:38 | Create | Villager (Male) |
| 21:38 | Create | Villager (Male) |
| 21:40 | Build | Farm |
| 21:47 | Research | Wheelbarrow |
Build order — [KOF] Raychu
First 150 of 1279 actions detected
| 0:03 | Create | Villager (Male) ×4 |
| 0:03 | Build | House |
| 0:05 | Build | House |
| 1:15 | Create | Villager (Male) |
| 1:15 | Create | Villager (Male) |
| 1:42 | Create | Villager (Male) |
| 1:43 | Create | Villager (Male) |
| 1:56 | Build | Lumber Camp |
| 2:17 | Create | Villager (Male) |
| 2:45 | Create | Villager (Male) |
| 2:46 | Create | Villager (Male) |
| 2:47 | Create | Villager (Male) |
| 2:48 | Create | Villager (Male) |
| 3:15 | Create | Villager (Male) |
| 3:15 | Create | Villager (Male) |
| 3:28 | Build | House |
| 3:29 | Build | House |
| 3:36 | Create | Villager (Male) |
| 4:07 | Create | Villager (Male) |
| 4:29 | Create | Villager (Male) |
| 4:29 | Create | Villager (Male) |
| 4:39 | Build | Mining Camp |
| 4:46 | Create | Villager (Male) |
| 5:18 | Create | Villager (Male) |
| 6:41 | Create | Villager (Male) |
| 6:41 | Research | Loom |
| 6:42 | Research | Loom |
| 6:42 | Research | Loom |
| 7:03 | Research | Feudal Age |
| 7:18 | Build | Barracks |
| 7:57 | Build | House |
| 9:17 | Create | Villager (Male) |
| 9:17 | Create | Villager (Male) |
| 9:43 | Age | Feudal Age |
| 9:46 | Build | Archery Range |
| 9:51 | Build | Blacksmith |
| 10:00 | Create | Villager (Male) |
| 10:12 | Build | Mill |
| 10:15 | Research | Double-Bit Axe |
| 10:46 | Create | Archer |
| 10:47 | Create | Archer |
| 10:48 | Create | Villager (Male) |
| 10:56 | Create | Archer |
| 11:03 | Build | Farm |
| 11:04 | Create | Villager (Male) |
| 11:04 | Create | Villager (Male) |
| 11:18 | Build | Farm |
| 11:31 | Create | Villager (Male) |
| 11:33 | Build | Farm |
| 11:52 | Build | Farm |
| 11:56 | Create | Archer |
| 12:00 | Create | Villager (Male) |
| 12:05 | Build | Farm |
| 12:14 | Create | Villager (Male) |
| 12:26 | Build | Farm |
| 12:28 | Create | Villager (Male) |
| 12:33 | Create | Archer |
| 12:55 | Create | Villager (Male) |
| 12:58 | Build | Farm |
| 13:11 | Build | Farm |
| 13:31 | Create | Villager (Male) |
| 13:35 | Build | Market |
| 13:37 | Build | House |
| 13:53 | Build | Farm |
| 14:07 | Build | Farm |
| 14:32 | Create | Villager (Male) |
| 14:34 | Build | Farm |
| 14:48 | Create | Villager (Male) |
| 14:51 | Build | Farm |
| 15:21 | Create | Villager (Male) |
| 15:26 | Build | Farm |
| 15:28 | Build | House |
| 15:29 | Build | House |
| 15:47 | Research | Castle Age |
| 15:48 | Research | Castle Age |
| 15:53 | Create | Archer |
| 15:54 | Create | Archer |
| 16:17 | Research | Fletching |
| 16:26 | Build | House |
| 16:28 | Build | House |
| 16:44 | Research | Gold Mining |
| 16:47 | Research | Horse Collar |
| 17:12 | Build | House |
| 17:13 | Build | House |
| 17:15 | Build | House |
| 18:05 | Create | Villager (Male) |
| 18:38 | Age | Castle Age |
| 18:41 | Build | Siege Workshop |
| 18:53 | Research | Bow Saw |
| 19:08 | Create | Villager (Male) |
| 19:11 | Research | Wheelbarrow |
| 19:15 | Create | Mangonel |
| 19:15 | Create | Mangonel |
| 19:17 | Build | House |
| 19:18 | Build | House |
| 19:43 | Create | Villager (Male) |
| 19:43 | Create | Villager (Male) |
| 19:54 | Create | Villager (Male) |
| 19:54 | Create | Villager (Male) |
| 20:14 | Create | Villager (Male) |
| 20:30 | Create | Villager (Male) |
| 20:30 | Create | Villager (Male) |
| 20:31 | Build | Town Center |
| 20:47 | Build | House |
| 21:16 | Build | House |
| 21:22 | Create | Villager (Male) |
| 21:23 | Create | Mangonel |
| 21:23 | Create | Mangonel |
| 21:31 | Create | Villager (Male) |
| 21:40 | Create | Scorpion |
| 21:44 | Build | House |
| 21:47 | Create | Villager (Male) |
| 21:47 | Create | Villager (Male) |
| 21:47 | Create | Villager (Male) |
| 21:48 | Build | Farm |
| 21:49 | Build | Farm |
| 21:49 | Build | Farm |
| 21:49 | Build | Farm |
| 21:49 | Build | Farm |
| 22:31 | Create | Scorpion |
| 22:33 | Build | House |
| 22:38 | Create | Scorpion |
| 22:40 | Create | Villager (Male) |
| 22:40 | Create | Villager (Male) |
| 22:41 | Create | Villager (Male) |
| 23:07 | Create | Scorpion |
| 23:19 | Create | Villager (Male) |
| 23:19 | Create | Villager (Male) |
| 23:52 | Create | Scorpion |
| 23:53 | Build | House |
| 23:55 | Build | House |
| 23:55 | Build | House |
| 23:57 | Create | Villager (Male) ×5 |
| 23:59 | Build | Farm |
| 23:59 | Build | Farm |
| 23:59 | Build | Farm |
| 23:59 | Build | Farm |
| 24:00 | Build | Farm |
| 24:00 | Build | Farm |
| 24:00 | Build | Farm |
| 24:46 | Create | Villager (Male) |
| 24:47 | Create | Villager (Male) |
| 24:47 | Create | Villager (Male) |
| 24:51 | Build | Mining Camp |
| 24:54 | Create | Villager (Male) |
| 24:58 | Build | Town Center |
| 25:05 | Create | Scorpion |
| 25:05 | Create | Scorpion |
| 25:17 | Create | Villager (Male) |
| 25:17 | Create | Villager (Male) |
Build order — Cagata Sonante
First 150 of 1359 actions detected
| 0:01 | Create | Villager (Male) |
| 0:01 | Create | Villager (Male) |
| 0:04 | Create | Villager (Male) |
| 0:04 | Create | Villager (Male) |
| 0:04 | Create | Villager (Male) |
| 0:05 | Build | House |
| 0:06 | Build | House |
| 1:27 | Create | Villager (Male) |
| 1:27 | Create | Villager (Male) |
| 1:51 | Create | Villager (Male) |
| 1:52 | Create | Villager (Male) |
| 2:02 | Build | Lumber Camp |
| 2:16 | Create | Villager (Male) |
| 2:46 | Create | Villager (Male) |
| 3:15 | Create | Villager (Male) |
| 3:16 | Create | Villager (Male) |
| 3:26 | Build | House |
| 3:27 | Build | House |
| 3:33 | Create | Villager (Male) |
| 4:09 | Create | Villager (Male) |
| 4:31 | Build | Mill |
| 4:49 | Create | Villager (Male) |
| 4:49 | Create | Villager (Male) |
| 5:42 | Create | Villager (Male) |
| 5:57 | Build | Farm |
| 6:05 | Create | Villager (Male) |
| 6:15 | Build | Farm |
| 6:21 | Create | Villager (Male) |
| 6:48 | Create | Villager (Male) |
| 7:20 | Create | Villager (Male) |
| 7:35 | Research | Feudal Age |
| 7:44 | Create | Villager (Male) |
| 7:45 | Create | Villager (Male) |
| 9:34 | Research | Loom |
| 9:41 | Build | Palisade Wall |
| 9:44 | Build | Palisade Wall |
| 10:06 | Age | Feudal Age |
| 10:13 | Build | Watch Tower |
| 10:22 | Build | Palisade Wall |
| 10:31 | Build | Market |
| 10:36 | Build | House |
| 10:39 | Build | House |
| 10:41 | Build | House |
| 10:44 | Build | House |
| 10:45 | Build | House |
| 10:50 | Create | Villager (Male) |
| 11:35 | Create | Villager (Male) |
| 12:01 | Create | Villager (Male) |
| 12:05 | Build | Palisade Wall |
| 12:24 | Build | Palisade Wall |
| 12:25 | Build | Palisade Wall |
| 12:26 | Build | Palisade Wall |
| 12:33 | Build | Watch Tower |
| 12:35 | Build | Palisade Wall |
| 12:38 | Create | Villager (Male) |
| 12:52 | Create | Villager (Male) |
| 13:20 | Create | Villager (Male) |
| 13:49 | Build | Lumber Camp |
| 13:54 | Create | Villager (Male) |
| 14:11 | Create | Villager (Male) |
| 14:39 | Build | Blacksmith |
| 15:01 | Build | Stone Wall |
| 15:21 | Build | Stone Wall |
| 15:24 | Create | Villager (Male) |
| 15:33 | Research | Castle Age |
| 15:50 | Build | Stone Wall |
| 15:51 | Build | Stone Wall |
| 16:00 | Build | Mining Camp |
| 16:04 | Build | Farm |
| 16:05 | Build | Farm |
| 16:05 | Build | Farm |
| 16:05 | Build | Farm |
| 16:13 | Build | House |
| 16:41 | Build | Palisade Wall |
| 16:46 | Create | Villager (Male) |
| 17:05 | Research | Fletching |
| 17:18 | Build | Farm |
| 17:45 | Research | Double-Bit Axe |
| 17:48 | Build | Farm |
| 17:51 | Build | Farm |
| 17:52 | Create | Villager (Male) |
| 17:57 | Build | House |
| 18:00 | Build | House |
| 18:29 | Build | Stone Wall |
| 18:29 | Age | Castle Age |
| 18:33 | Build | Monastery |
| 18:35 | Build | Stone Wall |
| 18:59 | Create | Villager (Male) |
| 20:13 | Create | Villager (Male) |
| 20:24 | Build | Town Center |
| 20:33 | Build | House |
| 20:34 | Build | House |
| 20:41 | Create | Villager (Male) |
| 20:50 | Create | Villager (Male) |
| 21:22 | Create | Villager (Male) |
| 21:23 | Create | Villager (Male) |
| 21:47 | Create | Villager (Male) |
| 21:52 | Create | Villager (Male) |
| 21:52 | Create | Villager (Male) |
| 21:52 | Create | Villager (Male) |
| 22:23 | Create | Villager (Male) |
| 22:25 | Build | Farm |
| 23:24 | Create | Villager (Male) |
| 23:24 | Create | Villager (Male) |
| 23:41 | Build | Palisade Wall |
| 24:03 | Create | Villager (Male) |
| 24:06 | Create | Villager (Male) |
| 24:16 | Build | Palisade Wall |
| 24:28 | Create | Villager (Male) |
| 24:28 | Create | Villager (Male) |
| 24:29 | Create | Villager (Male) |
| 24:40 | Create | Villager (Male) |
| 24:40 | Create | Villager (Male) |
| 25:01 | Build | Farm |
| 25:09 | Create | Villager (Male) |
| 25:23 | Build | Farm |
| 25:23 | Build | Farm |
| 25:23 | Build | Farm |
| 25:24 | Build | Farm |
| 25:27 | Create | Villager (Male) |
| 25:27 | Create | Villager (Male) |
| 25:49 | Create | Villager (Male) |
| 25:49 | Create | Villager (Male) |
| 25:53 | Build | Farm |
| 26:01 | Create | Villager (Male) |
| 26:15 | Create | Villager (Male) |
| 26:21 | Build | Lumber Camp |
| 26:34 | Create | Villager (Male) |
| 26:35 | Create | Villager (Male) |
| 26:39 | Build | Stone Wall |
| 26:42 | Create | Villager (Male) |
| 26:42 | Create | Villager (Male) |
| 26:44 | Create | Villager (Male) |
| 26:46 | Create | Villager (Male) |
| 26:46 | Create | Villager (Male) |
| 27:07 | Build | Stone Wall |
| 27:12 | Build | Stone Wall |
| 27:23 | Create | Villager (Male) |
| 27:23 | Create | Villager (Male) |
| 27:23 | Create | Villager (Male) |
| 27:26 | Build | Farm |
| 27:26 | Build | Farm |
| 27:27 | Build | Farm |
| 27:29 | Build | House |
| 27:31 | Build | House |
| 27:32 | Build | House |
| 27:32 | Build | House |
| 27:39 | Build | Stone Wall |
| 27:40 | Build | Stone Wall |
| 27:41 | Build | Stone Wall |
Match timeline
| 3:19 | Simvall · wall_segment Palisade Wall x1 |
| 3:21 | Simvall · wall_segment Palisade Wall x1 |
| 5:00 | hK | ChossMx · first_building Barracks |
| 7:18 | [KOF] Raychu · first_building Barracks |
| 8:46 | RoR | Hellequinn · first_building Barracks |
| 9:08 | hK | ChossMx · age_up feudal |
| 9:41 | Cagata Sonante · wall_segment Palisade Wall x6 |
| 9:43 | [KOF] Raychu · age_up feudal |
| 9:44 | RoR | Hellequinn · age_up feudal |
| 9:44 | Cagata Sonante · wall_segment Palisade Wall x3 |
| 9:46 | [KOF] Raychu · first_building Archery Range |
| 9:51 | RoR | Hellequinn · first_building Archery Range |
| 10:06 | Cagata Sonante · age_up feudal |
| 10:22 | Cagata Sonante · wall_segment Palisade Wall x3 |
| 10:34 | Simvall · age_up feudal |
| 10:47 | KH | BooMBastic_ · first_building Barracks |
| 11:02 | hK | Anubis · age_up feudal |
| 11:17 | Cagata Sonante · first_market_sell 100 wood |
| 11:22 | Nheltarion · age_up feudal |
| 11:25 | Cagata Sonante · first_market_buy 100 stone |
| 11:47 | KH | BooMBastic_ · age_up feudal |
| 11:58 | KH | BooMBastic_ · first_building Stable |
| 12:05 | Cagata Sonante · wall_segment Palisade Wall x9 |
| 12:10 | hK | ChossMx · wall_segment Palisade Wall x1 |
| 12:10 | hK | ChossMx · wall_segment Palisade Wall x1 |
| 12:11 | hK | ChossMx · wall_segment Palisade Wall x1 |
| 12:24 | Cagata Sonante · wall_segment Palisade Wall x1 |
| 12:25 | Cagata Sonante · wall_segment Palisade Wall x1 |
| 12:26 | Cagata Sonante · wall_segment Palisade Wall x1 |
| 12:35 | Cagata Sonante · wall_segment Palisade Wall x1 |
| 12:53 | hK | Anubis · first_building Barracks |
| 13:24 | hK | ChossMx · wall_segment Palisade Wall x1 |
| 13:25 | hK | ChossMx · wall_segment Palisade Wall x1 |
| 13:25 | hK | ChossMx · wall_segment Palisade Wall x1 |
| 13:26 | hK | ChossMx · wall_segment Palisade Wall x1 |
| 14:08 | hK | ChossMx · wall_segment Palisade Wall x1 |
| 14:11 | Simvall · age_up castle |
| 14:18 | hK | Anubis · first_building Stable |
| 14:23 | Nheltarion · first_market_buy 100 wood |
| 14:39 | Simvall · first_building Monastery |
| 14:53 | Nheltarion · age_up castle |
| 15:01 | Cagata Sonante · wall_segment Stone Wall x3 |
| 15:05 | Simvall · wall_segment Palisade Wall x1 |
| 15:06 | Simvall · wall_segment Palisade Wall x1 |
| 15:08 | Simvall · wall_segment Palisade Wall x1 |
| 15:10 | Simvall · wall_segment Palisade Wall x1 |
| 15:12 | Simvall · wall_segment Palisade Wall x1 |
| 15:13 | Simvall · wall_segment Palisade Wall x1 |
| 15:15 | Simvall · wall_segment Palisade Wall x1 |
| 15:21 | Cagata Sonante · wall_segment Stone Wall x2 |
| 15:24 | [KOF] Raychu · first_market_buy 100 food |
| 15:41 | hK | Anubis · age_up castle |
| 15:50 | Cagata Sonante · wall_segment Stone Wall x4 |
| 15:51 | Cagata Sonante · wall_segment Stone Wall x1 |
| 15:59 | KH | BooMBastic_ · age_up castle |
| 16:41 | Cagata Sonante · wall_segment Palisade Wall x2 |
| 16:53 | KH | BooMBastic_ · first_market_buy 100 food |
| 16:55 | hK | ChossMx · wall_segment Stone Wall x1 |
| 17:01 | hK | ChossMx · first_market_sell 100 wood |
| 17:27 | RoR | Hellequinn · age_up castle |
| 18:17 | Simvall · first_market_sell 100 wood |
| 18:29 | Cagata Sonante · age_up castle |
| 18:29 | Cagata Sonante · wall_segment Stone Wall x1 |
| 18:33 | Cagata Sonante · first_building Monastery |
| 18:35 | Cagata Sonante · wall_segment Stone Wall x1 |
| 18:38 | [KOF] Raychu · age_up castle |
| 18:41 | [KOF] Raychu · first_building Siege Workshop |
| 19:09 | KH | BooMBastic_ · first_building Monastery |
| 19:18 | RoR | Hellequinn · first_building Siege Workshop |
| 20:02 | hK | ChossMx · age_up castle |
| 20:43 | hK | ChossMx · first_building Siege Workshop |
| 20:48 | Nheltarion · first_market_sell 100 food |
| 21:00 | [KOF] Raychu · first_market_sell 100 food |
| 21:03 | hK | ChossMx · wall_segment Palisade Wall x1 |
| 21:05 | hK | ChossMx · wall_segment Palisade Wall x1 |
| 21:07 | hK | ChossMx · wall_segment Palisade Wall x1 |
| 21:09 | Nheltarion · first_building Barracks |
| 21:26 | Nheltarion · first_building Castle |
| 21:29 | hK | ChossMx · wall_segment Palisade Wall x1 |
| 21:33 | hK | ChossMx · wall_segment Palisade Wall x1 |
| 21:49 | Simvall · first_building Siege Workshop |
| 22:09 | Simvall · first_market_buy 100 wood |
| 22:19 | Nheltarion · first_building Stable |
| 22:28 | Simvall · wall_segment Stone Wall x4 |
| 22:30 | Simvall · wall_segment Stone Wall x2 |
| 23:41 | Cagata Sonante · wall_segment Palisade Wall x1 |
| 23:57 | RoR | Hellequinn · wall_segment Palisade Wall x1 |
| 23:59 | Simvall · wall_segment Stone Wall x13 |
| 24:00 | Simvall · wall_segment Stone Wall x1 |
| 24:05 | Simvall · first_building Barracks |
| 24:05 | hK | ChossMx · wall_segment Palisade Wall x1 |
| 24:16 | Cagata Sonante · wall_segment Palisade Wall x1 |
| 24:56 | hK | ChossMx · first_building Castle |
| 25:03 | hK | ChossMx · first_building Monastery |
| 26:12 | RoR | Hellequinn · wall_segment Stone Wall x1 |
| 26:15 | Simvall · wall_segment Stone Wall x17 |
| 26:18 | RoR | Hellequinn · wall_segment Stone Wall x1 |
| 26:24 | RoR | Hellequinn · wall_segment Stone Wall x1 |
| 26:26 | RoR | Hellequinn · wall_segment Stone Wall x1 |
| 26:35 | RoR | Hellequinn · wall_segment Stone Wall x1 |
| 26:36 | RoR | Hellequinn · wall_segment Stone Wall x1 |
| 26:39 | Cagata Sonante · wall_segment Stone Wall x4 |
| 26:58 | RoR | Hellequinn · first_building Castle |
| 27:04 | RoR | Hellequinn · wall_segment Stone Wall x1 |
| 27:07 | Cagata Sonante · wall_segment Stone Wall x4 |
| 27:12 | Cagata Sonante · wall_segment Stone Wall x3 |
| 27:39 | Cagata Sonante · wall_segment Stone Wall x1 |
| 27:40 | Cagata Sonante · wall_segment Stone Wall x1 |
| 27:41 | Cagata Sonante · wall_segment Stone Wall x1 |
| 27:46 | Cagata Sonante · wall_segment Stone Wall x1 |
| 28:09 | RoR | Hellequinn · wall_segment Palisade Wall x1 |
| 28:30 | Simvall · first_building Castle |
| 28:39 | KH | BooMBastic_ · first_building Archery Range |
| 29:02 | [KOF] Raychu · wall_segment Stone Wall x1 |
| 29:05 | RoR | Hellequinn · wall_segment Stone Wall x5 |
| 29:19 | Cagata Sonante · first_building Siege Workshop |
| 29:38 | RoR | Hellequinn · wall_segment Stone Wall x1 |
| 29:45 | Simvall · first_building Archery Range |
| 29:45 | Simvall · first_building Stable |
| 29:48 | RoR | Hellequinn · wall_segment Stone Wall x1 |
| 29:52 | RoR | Hellequinn · wall_segment Stone Wall x1 |
| 30:04 | [KOF] Raychu · wall_segment Stone Wall x1 |
| 30:14 | Cagata Sonante · wall_segment Stone Wall x3 |
| 30:39 | RoR | Hellequinn · wall_segment Stone Wall x2 |
| 31:02 | Cagata Sonante · wall_segment Stone Wall x2 |
| 31:39 | Cagata Sonante · first_building Castle |
| 31:46 | Cagata Sonante · wall_segment Stone Wall x1 |
| 31:47 | Cagata Sonante · wall_segment Stone Wall x1 |
| 31:49 | Cagata Sonante · wall_segment Stone Wall x1 |
| 32:04 | [KOF] Raychu · first_building Castle |
| 32:19 | KH | BooMBastic_ · first_building Siege Workshop |
| 32:20 | [KOF] Raychu · wall_segment Stone Wall x1 |
| 32:22 | [KOF] Raychu · wall_segment Stone Wall x1 |
| 32:26 | Simvall · age_up imperial |
| 33:35 | KH | BooMBastic_ · first_market_sell 100 food |
| 33:36 | KH | BooMBastic_ · age_up imperial |
| 34:26 | RoR | Hellequinn · first_market_buy 100 food |
| 34:34 | [KOF] Raychu · age_up imperial |
| 35:43 | [KOF] Raychu · first_building Stable |
| 35:58 | Nheltarion · age_up imperial |
| 37:24 | hK | Anubis · first_market_sell 100 food |
| 38:10 | hK | Anubis · first_building Monastery |
| 38:27 | hK | Anubis · first_market_buy 100 wood |
| 38:47 | RoR | Hellequinn · wall_segment Stone Wall x14 |
| 38:53 | hK | ChossMx · age_up imperial |
| 38:54 | RoR | Hellequinn · wall_segment Stone Wall x12 |
| 38:59 | RoR | Hellequinn · wall_segment Stone Wall x6 |
| 39:02 | Nheltarion · first_building Archery Range |
| 39:13 | RoR | Hellequinn · wall_segment Stone Wall x2 |
| 39:14 | RoR | Hellequinn · wall_segment Stone Wall x1 |
| 39:15 | RoR | Hellequinn · wall_segment Stone Wall x1 |
| 39:20 | RoR | Hellequinn · wall_segment Stone Wall x6 |
| 39:33 | RoR | Hellequinn · wall_segment Stone Wall x4 |
| 39:41 | RoR | Hellequinn · wall_segment Stone Wall x5 |
| 39:49 | RoR | Hellequinn · wall_segment Stone Wall x6 |
| 39:51 | RoR | Hellequinn · wall_segment Stone Wall x2 |
| 40:09 | RoR | Hellequinn · wall_segment Stone Wall x6 |
| 40:24 | RoR | Hellequinn · wall_segment Stone Wall x5 |
| 40:51 | RoR | Hellequinn · first_market_sell 100 wood |
| 42:14 | hK | Anubis · age_up imperial |
| 42:21 | KH | BooMBastic_ · first_building Castle |
| 42:52 | RoR | Hellequinn · age_up imperial |
| 43:23 | hK | Anubis · first_building Castle |
| 43:32 | [KOF] Raychu · wall_segment Stone Wall x20 |
| 43:33 | hK | ChossMx · first_building Stable |
| 45:23 | hK | Anubis · wall_segment Stone Wall x11 |
| 45:49 | Simvall · tribute_sent a jugador 1 |
| 45:49 | Simvall · tribute_sent a jugador 3 |
| 45:49 | Simvall · tribute_sent a jugador 4 |
| 45:49 | Simvall · tribute_sent a jugador 5 |
| 45:49 | Simvall · tribute_sent a jugador 6 |
| 45:49 | Simvall · tribute_sent a jugador 7 |
| 45:49 | Simvall · tribute_sent a jugador 8 |
| 46:20 | [KOF] Raychu · wall_segment Stone Wall x1 |
| 47:08 | Nheltarion · tribute_sent a jugador 1 |
| 47:08 | Nheltarion · tribute_sent a jugador 2 |
| 47:08 | Nheltarion · tribute_sent a jugador 3 |
| 47:08 | Nheltarion · tribute_sent a jugador 5 |
| 47:08 | Nheltarion · tribute_sent a jugador 6 |
| 47:08 | Nheltarion · tribute_sent a jugador 7 |
| 47:08 | Nheltarion · tribute_sent a jugador 8 |
| 47:12 | hK | ChossMx · first_market_buy 100 wood |
| 47:20 | hK | Anubis · wall_segment Stone Wall x14 |
| 49:46 | Simvall · wall_segment Stone Wall x19 |
| 49:51 | Simvall · wall_segment Stone Wall x13 |
| 51:03 | hK | Anubis · wall_segment Stone Wall x7 |
| 52:07 | Simvall · wall_segment Stone Wall x13 |
| 52:28 | [KOF] Raychu · wall_segment Stone Wall x7 |
| 52:41 | Nheltarion · tribute_sent a jugador 1 |
| 52:41 | Nheltarion · tribute_sent a jugador 2 |
| 52:41 | Nheltarion · tribute_sent a jugador 3 |
| 52:41 | Nheltarion · tribute_sent a jugador 5 |
| 52:41 | Nheltarion · tribute_sent a jugador 6 |
| 52:41 | Nheltarion · tribute_sent a jugador 7 |
| 52:41 | Nheltarion · tribute_sent a jugador 8 |
| 52:44 | Simvall · wall_segment Stone Wall x12 |
| 52:55 | Simvall · wall_segment Stone Wall x8 |
| 53:38 | hK | Anubis · tribute_sent a jugador 2 |
| 53:38 | hK | Anubis · tribute_sent a jugador 3 |
| 53:38 | hK | Anubis · tribute_sent a jugador 4 |
| 53:38 | hK | Anubis · tribute_sent a jugador 5 |
| 53:38 | hK | Anubis · tribute_sent a jugador 6 |
| 53:38 | hK | Anubis · tribute_sent a jugador 7 |
| 53:38 | hK | Anubis · tribute_sent a jugador 8 |
| 54:01 | Simvall · wall_segment Stone Wall x11 |
| 54:04 | Simvall · wall_segment Stone Wall x5 |
| 54:04 | Cagata Sonante · age_up imperial |
| 54:33 | Simvall · wall_segment Stone Wall x2 |
| 54:34 | Simvall · wall_segment Stone Wall x6 |
| 54:51 | Simvall · wall_segment Palisade Wall x1 |
| 55:22 | hK | ChossMx · tribute_sent a jugador 1 |
| 55:22 | hK | ChossMx · tribute_sent a jugador 2 |
| 55:22 | hK | ChossMx · tribute_sent a jugador 4 |
| 55:22 | hK | ChossMx · tribute_sent a jugador 5 |
| 55:22 | hK | ChossMx · tribute_sent a jugador 6 |
| 55:22 | hK | ChossMx · tribute_sent a jugador 7 |
| 55:22 | hK | ChossMx · tribute_sent a jugador 8 |
| 55:22 | KH | BooMBastic_ · tribute_sent a jugador 1 |
| 55:22 | KH | BooMBastic_ · tribute_sent a jugador 2 |
| 55:22 | KH | BooMBastic_ · tribute_sent a jugador 3 |
| 55:22 | KH | BooMBastic_ · tribute_sent a jugador 4 |
| 55:22 | KH | BooMBastic_ · tribute_sent a jugador 6 |
| 55:22 | KH | BooMBastic_ · tribute_sent a jugador 7 |
| 55:22 | KH | BooMBastic_ · tribute_sent a jugador 8 |
| 56:45 | RoR | Hellequinn · first_building Stable |
| 56:46 | hK | Anubis · wall_segment Stone Wall x4 |
| 57:23 | hK | Anubis · tribute_sent a jugador 2 |
| 57:23 | hK | Anubis · tribute_sent a jugador 3 |
| 57:23 | hK | Anubis · tribute_sent a jugador 4 |
| 57:23 | hK | Anubis · tribute_sent a jugador 5 |
| 57:23 | hK | Anubis · tribute_sent a jugador 6 |
| 57:23 | hK | Anubis · tribute_sent a jugador 7 |
| 57:23 | hK | Anubis · tribute_sent a jugador 8 |
| 57:57 | KH | BooMBastic_ · tribute_sent a jugador 1 |
| 57:57 | KH | BooMBastic_ · tribute_sent a jugador 2 |
| 57:57 | KH | BooMBastic_ · tribute_sent a jugador 3 |
| 57:57 | KH | BooMBastic_ · tribute_sent a jugador 4 |
| 57:57 | KH | BooMBastic_ · tribute_sent a jugador 6 |
| 57:57 | KH | BooMBastic_ · tribute_sent a jugador 7 |
| 57:57 | KH | BooMBastic_ · tribute_sent a jugador 8 |
| 57:59 | hK | ChossMx · tribute_sent a jugador 1 |
| 57:59 | hK | ChossMx · tribute_sent a jugador 2 |
| 57:59 | hK | ChossMx · tribute_sent a jugador 4 |
| 57:59 | hK | ChossMx · tribute_sent a jugador 5 |
| 57:59 | hK | ChossMx · tribute_sent a jugador 6 |
| 57:59 | hK | ChossMx · tribute_sent a jugador 7 |
| 57:59 | hK | ChossMx · tribute_sent a jugador 8 |
| 58:01 | Simvall · wall_segment Stone Wall x9 |
| 58:02 | hK | Anubis · tribute_sent a jugador 2 |
| 58:02 | hK | Anubis · tribute_sent a jugador 3 |
| 58:02 | hK | Anubis · tribute_sent a jugador 4 |
| 58:02 | hK | Anubis · tribute_sent a jugador 5 |
| 58:02 | hK | Anubis · tribute_sent a jugador 6 |
| 58:02 | hK | Anubis · tribute_sent a jugador 7 |
| 58:02 | hK | Anubis · tribute_sent a jugador 8 |
| 58:50 | Cagata Sonante · first_building Barracks |
| 59:11 | KH | BooMBastic_ · tribute_sent a jugador 1 |
| 59:11 | KH | BooMBastic_ · tribute_sent a jugador 2 |
| 59:11 | KH | BooMBastic_ · tribute_sent a jugador 3 |
| 59:11 | KH | BooMBastic_ · tribute_sent a jugador 4 |
| 59:11 | KH | BooMBastic_ · tribute_sent a jugador 6 |
| 59:11 | KH | BooMBastic_ · tribute_sent a jugador 7 |
| 59:11 | KH | BooMBastic_ · tribute_sent a jugador 8 |
| 59:24 | hK | Anubis · wall_segment Stone Wall x8 |
| 59:31 | hK | Anubis · wall_segment Stone Wall x10 |
| 59:34 | hK | Anubis · wall_segment Stone Wall x5 |
| 59:36 | hK | Anubis · wall_segment Stone Wall x5 |
| 59:57 | [KOF] Raychu · wall_segment Stone Wall x6 |
| 60:40 | hK | Anubis · wall_segment Stone Wall x10 |
| 61:19 | hK | ChossMx · tribute_sent a jugador 1 |
| 61:19 | hK | ChossMx · tribute_sent a jugador 2 |
| 61:19 | hK | ChossMx · tribute_sent a jugador 4 |
| 61:19 | hK | ChossMx · tribute_sent a jugador 5 |
| 61:19 | hK | ChossMx · tribute_sent a jugador 6 |
| 61:19 | hK | ChossMx · tribute_sent a jugador 7 |
| 61:19 | hK | ChossMx · tribute_sent a jugador 8 |
| 61:29 | hK | Anubis · wall_segment Stone Wall x1 |
| 61:31 | hK | Anubis · wall_segment Stone Wall x3 |
| 61:32 | hK | Anubis · wall_segment Stone Wall x2 |
| 61:36 | hK | Anubis · wall_segment Stone Wall x8 |
| 62:27 | [KOF] Raychu · wall_segment Stone Wall x8 |
| 62:30 | [KOF] Raychu · wall_segment Stone Wall x16 |
| 62:32 | hK | Anubis · wall_segment Stone Wall x1 |
| 63:32 | Cagata Sonante · wall_segment Stone Wall x4 |
| 63:38 | hK | Anubis · tribute_sent a jugador 2 |
| 63:38 | hK | Anubis · tribute_sent a jugador 3 |
| 63:38 | hK | Anubis · tribute_sent a jugador 4 |
| 63:38 | hK | Anubis · tribute_sent a jugador 5 |
| 63:38 | hK | Anubis · tribute_sent a jugador 6 |
| 63:38 | hK | Anubis · tribute_sent a jugador 7 |
| 63:38 | hK | Anubis · tribute_sent a jugador 8 |
| 63:40 | Nheltarion · wall_segment Stone Wall x7 |
| 63:43 | hK | ChossMx · tribute_sent a jugador 1 |
| 63:43 | hK | ChossMx · tribute_sent a jugador 2 |
| 63:43 | hK | ChossMx · tribute_sent a jugador 4 |
| 63:43 | hK | ChossMx · tribute_sent a jugador 5 |
| 63:43 | hK | ChossMx · tribute_sent a jugador 6 |
| 63:43 | hK | ChossMx · tribute_sent a jugador 7 |
| 63:43 | hK | ChossMx · tribute_sent a jugador 8 |
| 63:43 | RoR | Hellequinn · wall_segment Stone Wall x12 |
| 63:44 | Nheltarion · wall_segment Stone Wall x8 |
| 63:45 | Nheltarion · wall_segment Stone Wall x2 |
| 63:46 | Nheltarion · wall_segment Stone Wall x2 |
| 63:57 | KH | BooMBastic_ · tribute_sent a jugador 1 |
| 63:57 | KH | BooMBastic_ · tribute_sent a jugador 2 |
| 63:57 | KH | BooMBastic_ · tribute_sent a jugador 3 |
| 63:57 | KH | BooMBastic_ · tribute_sent a jugador 4 |
| 63:57 | KH | BooMBastic_ · tribute_sent a jugador 6 |
| 63:57 | KH | BooMBastic_ · tribute_sent a jugador 7 |
| 63:57 | KH | BooMBastic_ · tribute_sent a jugador 8 |
| 64:41 | RoR | Hellequinn · wall_segment Stone Wall x10 |
| 64:47 | RoR | Hellequinn · wall_segment Stone Wall x3 |
| 64:48 | RoR | Hellequinn · wall_segment Stone Wall x5 |
| 65:18 | KH | BooMBastic_ · tribute_sent a jugador 1 |
| 65:18 | KH | BooMBastic_ · tribute_sent a jugador 2 |
| 65:18 | KH | BooMBastic_ · tribute_sent a jugador 3 |
| 65:18 | KH | BooMBastic_ · tribute_sent a jugador 4 |
| 65:18 | KH | BooMBastic_ · tribute_sent a jugador 6 |
| 65:18 | KH | BooMBastic_ · tribute_sent a jugador 7 |
| 65:18 | KH | BooMBastic_ · tribute_sent a jugador 8 |
| 65:34 | hK | Anubis · first_building Siege Workshop |
| 66:55 | RoR | Hellequinn · wall_segment Stone Wall x9 |
| 67:00 | RoR | Hellequinn · wall_segment Stone Wall x13 |
| 68:23 | Simvall · wall_segment Palisade Wall x1 |
| 68:25 | Simvall · wall_segment Palisade Wall x1 |
| 68:26 | Simvall · wall_segment Palisade Wall x1 |
| 68:39 | hK | ChossMx · tribute_sent a jugador 1 |
| 68:39 | hK | ChossMx · tribute_sent a jugador 2 |
| 68:39 | hK | ChossMx · tribute_sent a jugador 4 |
| 68:39 | hK | ChossMx · tribute_sent a jugador 5 |
| 68:39 | hK | ChossMx · tribute_sent a jugador 6 |
| 68:39 | hK | ChossMx · tribute_sent a jugador 7 |
| 68:39 | hK | ChossMx · tribute_sent a jugador 8 |
| 68:42 | KH | BooMBastic_ · tribute_sent a jugador 1 |
| 68:42 | KH | BooMBastic_ · tribute_sent a jugador 2 |
| 68:42 | KH | BooMBastic_ · tribute_sent a jugador 3 |
| 68:42 | KH | BooMBastic_ · tribute_sent a jugador 4 |
| 68:42 | KH | BooMBastic_ · tribute_sent a jugador 6 |
| 68:42 | KH | BooMBastic_ · tribute_sent a jugador 7 |
| 68:42 | KH | BooMBastic_ · tribute_sent a jugador 8 |
| 69:17 | Simvall · wall_segment Stone Wall x12 |
| 69:21 | Nheltarion · tribute_sent a jugador 1 |
| 69:21 | Nheltarion · tribute_sent a jugador 2 |
| 69:21 | Nheltarion · tribute_sent a jugador 3 |
| 69:21 | Nheltarion · tribute_sent a jugador 5 |
| 69:21 | Nheltarion · tribute_sent a jugador 6 |
| 69:21 | Nheltarion · tribute_sent a jugador 7 |
| 69:21 | Nheltarion · tribute_sent a jugador 8 |
| 69:29 | Nheltarion · tribute_sent a jugador 1 |
| 69:29 | Nheltarion · tribute_sent a jugador 2 |
| 69:29 | Nheltarion · tribute_sent a jugador 3 |
| 69:29 | Nheltarion · tribute_sent a jugador 5 |
| 69:29 | Nheltarion · tribute_sent a jugador 6 |
| 69:29 | Nheltarion · tribute_sent a jugador 7 |
| 69:29 | Nheltarion · tribute_sent a jugador 8 |
| 69:30 | Cagata Sonante · tribute_sent a jugador 1 |
| 69:30 | Cagata Sonante · tribute_sent a jugador 2 |
| 69:30 | Cagata Sonante · tribute_sent a jugador 3 |
| 69:30 | Cagata Sonante · tribute_sent a jugador 4 |
| 69:30 | Cagata Sonante · tribute_sent a jugador 5 |
| 69:30 | Cagata Sonante · tribute_sent a jugador 6 |
| 69:30 | Cagata Sonante · tribute_sent a jugador 7 |
| 69:35 | Simvall · wall_segment Stone Wall x10 |
| 70:47 | hK | Anubis · tribute_sent a jugador 2 |
| 70:47 | hK | Anubis · tribute_sent a jugador 3 |
| 70:47 | hK | Anubis · tribute_sent a jugador 4 |
| 70:47 | hK | Anubis · tribute_sent a jugador 5 |
| 70:47 | hK | Anubis · tribute_sent a jugador 6 |
| 70:47 | hK | Anubis · tribute_sent a jugador 7 |
| 70:47 | hK | Anubis · tribute_sent a jugador 8 |
| 70:48 | hK | ChossMx · tribute_sent a jugador 1 |
| 70:48 | hK | ChossMx · tribute_sent a jugador 2 |
| 70:48 | hK | ChossMx · tribute_sent a jugador 4 |
| 70:48 | hK | ChossMx · tribute_sent a jugador 5 |
| 70:48 | hK | ChossMx · tribute_sent a jugador 6 |
| 70:48 | hK | ChossMx · tribute_sent a jugador 7 |
| 70:48 | hK | ChossMx · tribute_sent a jugador 8 |
| 70:50 | Nheltarion · tribute_sent a jugador 1 |
| 70:50 | Nheltarion · tribute_sent a jugador 2 |
| 70:50 | Nheltarion · tribute_sent a jugador 3 |
| 70:50 | Nheltarion · tribute_sent a jugador 5 |
| 70:50 | Nheltarion · tribute_sent a jugador 6 |
| 70:50 | Nheltarion · tribute_sent a jugador 7 |
| 70:50 | Nheltarion · tribute_sent a jugador 8 |
| 70:50 | KH | BooMBastic_ · tribute_sent a jugador 1 |
| 70:50 | KH | BooMBastic_ · tribute_sent a jugador 2 |
| 70:50 | KH | BooMBastic_ · tribute_sent a jugador 3 |
| 70:50 | KH | BooMBastic_ · tribute_sent a jugador 4 |
| 70:50 | KH | BooMBastic_ · tribute_sent a jugador 6 |
| 70:50 | KH | BooMBastic_ · tribute_sent a jugador 7 |
| 70:50 | KH | BooMBastic_ · tribute_sent a jugador 8 |
| 71:04 | hK | ChossMx · tribute_sent a jugador 1 |
| 71:04 | hK | ChossMx · tribute_sent a jugador 2 |
| 71:04 | hK | ChossMx · tribute_sent a jugador 4 |
| 71:04 | hK | ChossMx · tribute_sent a jugador 5 |
| 71:04 | hK | ChossMx · tribute_sent a jugador 6 |
| 71:04 | hK | ChossMx · tribute_sent a jugador 7 |
| 71:04 | hK | ChossMx · tribute_sent a jugador 8 |
| 72:26 | Nheltarion · tribute_sent a jugador 1 |
| 72:26 | Nheltarion · tribute_sent a jugador 2 |
| 72:26 | Nheltarion · tribute_sent a jugador 3 |
| 72:26 | Nheltarion · tribute_sent a jugador 5 |
| 72:26 | Nheltarion · tribute_sent a jugador 6 |
| 72:26 | Nheltarion · tribute_sent a jugador 7 |
| 72:26 | Nheltarion · tribute_sent a jugador 8 |
| 73:15 | Simvall · wall_segment Stone Wall x13 |
| 73:41 | Nheltarion · tribute_sent a jugador 1 |
| 73:41 | Nheltarion · tribute_sent a jugador 2 |
| 73:41 | Nheltarion · tribute_sent a jugador 3 |
| 73:41 | Nheltarion · tribute_sent a jugador 5 |
| 73:41 | Nheltarion · tribute_sent a jugador 6 |
| 73:41 | Nheltarion · tribute_sent a jugador 7 |
| 73:41 | Nheltarion · tribute_sent a jugador 8 |
| 73:43 | KH | BooMBastic_ · tribute_sent a jugador 1 |
| 73:43 | KH | BooMBastic_ · tribute_sent a jugador 2 |
| 73:43 | KH | BooMBastic_ · tribute_sent a jugador 3 |
| 73:43 | KH | BooMBastic_ · tribute_sent a jugador 4 |
| 73:43 | KH | BooMBastic_ · tribute_sent a jugador 6 |
| 73:43 | KH | BooMBastic_ · tribute_sent a jugador 7 |
| 73:43 | KH | BooMBastic_ · tribute_sent a jugador 8 |
| 73:48 | Cagata Sonante · tribute_sent a jugador 1 |
| 73:48 | Cagata Sonante · tribute_sent a jugador 2 |
| 73:48 | Cagata Sonante · tribute_sent a jugador 3 |
| 73:48 | Cagata Sonante · tribute_sent a jugador 4 |
| 73:48 | Cagata Sonante · tribute_sent a jugador 5 |
| 73:48 | Cagata Sonante · tribute_sent a jugador 6 |
| 73:48 | Cagata Sonante · tribute_sent a jugador 7 |
| 74:19 | hK | ChossMx · wall_segment Palisade Wall x1 |
| 74:38 | RoR | Hellequinn · wall_segment Stone Wall x13 |
| 74:42 | Cagata Sonante · wall_segment Stone Wall x1 |
| 74:46 | RoR | Hellequinn · wall_segment Palisade Wall x1 |
| 75:11 | Cagata Sonante · first_building Archery Range |
| 75:23 | Nheltarion · wall_segment Stone Wall x8 |
| 75:27 | Nheltarion · wall_segment Stone Wall x4 |
| 75:34 | Nheltarion · wall_segment Palisade Wall x1 |
| 76:51 | hK | ChossMx · first_building Archery Range |
| 77:02 | Cagata Sonante · tribute_sent a jugador 1 |
| 77:02 | Cagata Sonante · tribute_sent a jugador 2 |
| 77:02 | Cagata Sonante · tribute_sent a jugador 3 |
| 77:02 | Cagata Sonante · tribute_sent a jugador 4 |
| 77:02 | Cagata Sonante · tribute_sent a jugador 5 |
| 77:02 | Cagata Sonante · tribute_sent a jugador 6 |
| 77:02 | Cagata Sonante · tribute_sent a jugador 7 |
| 77:29 | Nheltarion · wall_segment Stone Wall x1 |
| 77:31 | Nheltarion · wall_segment Stone Wall x1 |
| 78:36 | Cagata Sonante · tribute_sent a jugador 1 |
| 78:36 | Cagata Sonante · tribute_sent a jugador 2 |
| 78:36 | Cagata Sonante · tribute_sent a jugador 3 |
| 78:36 | Cagata Sonante · tribute_sent a jugador 4 |
| 78:36 | Cagata Sonante · tribute_sent a jugador 5 |
| 78:36 | Cagata Sonante · tribute_sent a jugador 6 |
| 78:36 | Cagata Sonante · tribute_sent a jugador 7 |
| 78:41 | Cagata Sonante · tribute_sent a jugador 1 |
| 78:41 | Cagata Sonante · tribute_sent a jugador 2 |
| 78:41 | Cagata Sonante · tribute_sent a jugador 3 |
| 78:41 | Cagata Sonante · tribute_sent a jugador 4 |
| 78:41 | Cagata Sonante · tribute_sent a jugador 5 |
| 78:41 | Cagata Sonante · tribute_sent a jugador 6 |
| 78:41 | Cagata Sonante · tribute_sent a jugador 7 |
| 79:06 | Cagata Sonante · wall_segment Stone Wall x11 |
| 79:09 | [KOF] Raychu · wall_segment Stone Wall x7 |
| 80:49 | Nheltarion · wall_segment Stone Wall x3 |
| 81:06 | hK | Anubis · wall_segment Stone Wall x1 |
| 81:09 | hK | Anubis · wall_segment Stone Wall x1 |
| 81:10 | hK | Anubis · wall_segment Stone Wall x5 |
| 81:14 | hK | Anubis · wall_segment Stone Wall x1 |
| 81:16 | hK | Anubis · wall_segment Stone Wall x1 |
| 81:33 | Nheltarion · first_building Siege Workshop |
| 81:42 | Simvall · wall_segment Stone Wall x1 |
| 81:42 | Cagata Sonante · wall_segment Stone Wall x6 |
| 81:53 | hK | ChossMx · tribute_sent a jugador 1 |
| 81:53 | hK | ChossMx · tribute_sent a jugador 2 |
| 81:53 | hK | ChossMx · tribute_sent a jugador 4 |
| 81:53 | hK | ChossMx · tribute_sent a jugador 5 |
| 81:53 | hK | ChossMx · tribute_sent a jugador 6 |
| 81:53 | hK | ChossMx · tribute_sent a jugador 7 |
| 81:53 | hK | ChossMx · tribute_sent a jugador 8 |
| 82:50 | Cagata Sonante · wall_segment Stone Wall x9 |
| 83:43 | Cagata Sonante · tribute_sent a jugador 1 |
| 83:43 | Cagata Sonante · tribute_sent a jugador 2 |
| 83:43 | Cagata Sonante · tribute_sent a jugador 3 |
| 83:43 | Cagata Sonante · tribute_sent a jugador 4 |
| 83:43 | Cagata Sonante · tribute_sent a jugador 5 |
| 83:43 | Cagata Sonante · tribute_sent a jugador 6 |
| 83:43 | Cagata Sonante · tribute_sent a jugador 7 |
| 85:58 | hK | ChossMx · tribute_sent a jugador 1 |
| 85:58 | hK | ChossMx · tribute_sent a jugador 2 |
| 85:58 | hK | ChossMx · tribute_sent a jugador 4 |
| 85:58 | hK | ChossMx · tribute_sent a jugador 5 |
| 85:58 | hK | ChossMx · tribute_sent a jugador 6 |
| 85:58 | hK | ChossMx · tribute_sent a jugador 7 |
| 85:58 | hK | ChossMx · tribute_sent a jugador 8 |
| 86:45 | Simvall · tribute_sent a jugador 1 |
| 86:45 | Simvall · tribute_sent a jugador 3 |
| 86:45 | Simvall · tribute_sent a jugador 4 |
| 86:45 | Simvall · tribute_sent a jugador 5 |
| 86:45 | Simvall · tribute_sent a jugador 6 |
| 86:45 | Simvall · tribute_sent a jugador 7 |
| 86:45 | Simvall · tribute_sent a jugador 8 |
| 87:56 | Cagata Sonante · tribute_sent a jugador 1 |
| 87:56 | Cagata Sonante · tribute_sent a jugador 2 |
| 87:56 | Cagata Sonante · tribute_sent a jugador 3 |
| 87:56 | Cagata Sonante · tribute_sent a jugador 4 |
| 87:56 | Cagata Sonante · tribute_sent a jugador 5 |
| 87:56 | Cagata Sonante · tribute_sent a jugador 6 |
| 87:56 | Cagata Sonante · tribute_sent a jugador 7 |
| 88:28 | Cagata Sonante · tribute_sent a jugador 1 |
| 88:28 | Cagata Sonante · tribute_sent a jugador 2 |
| 88:28 | Cagata Sonante · tribute_sent a jugador 3 |
| 88:28 | Cagata Sonante · tribute_sent a jugador 4 |
| 88:28 | Cagata Sonante · tribute_sent a jugador 5 |
| 88:28 | Cagata Sonante · tribute_sent a jugador 6 |
| 88:28 | Cagata Sonante · tribute_sent a jugador 7 |
| 88:47 | [KOF] Raychu · wall_segment Stone Wall x16 |
| 90:11 | Nheltarion · tribute_sent a jugador 1 |
| 90:11 | Nheltarion · tribute_sent a jugador 2 |
| 90:11 | Nheltarion · tribute_sent a jugador 3 |
| 90:11 | Nheltarion · tribute_sent a jugador 5 |
| 90:11 | Nheltarion · tribute_sent a jugador 6 |
| 90:11 | Nheltarion · tribute_sent a jugador 7 |
| 90:11 | Nheltarion · tribute_sent a jugador 8 |
| 90:11 | Simvall · tribute_sent a jugador 1 |
| 90:11 | Simvall · tribute_sent a jugador 3 |
| 90:11 | Simvall · tribute_sent a jugador 4 |
| 90:11 | Simvall · tribute_sent a jugador 5 |
| 90:11 | Simvall · tribute_sent a jugador 6 |
| 90:11 | Simvall · tribute_sent a jugador 7 |
| 90:11 | Simvall · tribute_sent a jugador 8 |
| 90:28 | Simvall · wall_segment Stone Wall x5 |
| 90:28 | Simvall · wall_segment Stone Wall x1 |
| 90:29 | Simvall · wall_segment Stone Wall x8 |
| 91:55 | Nheltarion · tribute_sent a jugador 1 |
| 91:55 | Nheltarion · tribute_sent a jugador 2 |
| 91:55 | Nheltarion · tribute_sent a jugador 3 |
| 91:55 | Nheltarion · tribute_sent a jugador 5 |
| 91:55 | Nheltarion · tribute_sent a jugador 6 |
| 91:55 | Nheltarion · tribute_sent a jugador 7 |
| 91:55 | Nheltarion · tribute_sent a jugador 8 |
| 93:26 | KH | BooMBastic_ · wall_segment Stone Wall x7 |
| 94:48 | Cagata Sonante · tribute_sent a jugador 1 |
| 94:48 | Cagata Sonante · tribute_sent a jugador 2 |
| 94:48 | Cagata Sonante · tribute_sent a jugador 3 |
| 94:48 | Cagata Sonante · tribute_sent a jugador 4 |
| 94:48 | Cagata Sonante · tribute_sent a jugador 5 |
| 94:48 | Cagata Sonante · tribute_sent a jugador 6 |
| 94:48 | Cagata Sonante · tribute_sent a jugador 7 |
| 95:36 | hK | Anubis · wall_segment Stone Wall x1 |
| 95:39 | hK | Anubis · wall_segment Stone Wall x3 |
| 95:47 | [KOF] Raychu · tribute_sent a jugador 1 |
| 95:47 | [KOF] Raychu · tribute_sent a jugador 2 |
| 95:47 | [KOF] Raychu · tribute_sent a jugador 3 |
| 95:47 | [KOF] Raychu · tribute_sent a jugador 4 |
| 95:47 | [KOF] Raychu · tribute_sent a jugador 5 |
| 95:47 | [KOF] Raychu · tribute_sent a jugador 6 |
| 95:47 | [KOF] Raychu · tribute_sent a jugador 8 |
| 95:49 | hK | Anubis · tribute_sent a jugador 2 |
| 95:49 | hK | Anubis · tribute_sent a jugador 3 |
| 95:49 | hK | Anubis · tribute_sent a jugador 4 |
| 95:49 | hK | Anubis · tribute_sent a jugador 5 |
| 95:49 | hK | Anubis · tribute_sent a jugador 6 |
| 95:49 | hK | Anubis · tribute_sent a jugador 7 |
| 95:49 | hK | Anubis · tribute_sent a jugador 8 |
| 96:10 | hK | Anubis · wall_segment Stone Wall x16 |
| 96:12 | Nheltarion · tribute_sent a jugador 1 |
| 96:12 | Nheltarion · tribute_sent a jugador 2 |
| 96:12 | Nheltarion · tribute_sent a jugador 3 |
| 96:12 | Nheltarion · tribute_sent a jugador 5 |
| 96:12 | Nheltarion · tribute_sent a jugador 6 |
| 96:12 | Nheltarion · tribute_sent a jugador 7 |
| 96:12 | Nheltarion · tribute_sent a jugador 8 |
| 96:36 | Simvall · wall_segment Stone Wall x9 |
| 97:13 | hK | ChossMx · tribute_sent a jugador 1 |
| 97:13 | hK | ChossMx · tribute_sent a jugador 2 |
| 97:13 | hK | ChossMx · tribute_sent a jugador 4 |
| 97:13 | hK | ChossMx · tribute_sent a jugador 5 |
| 97:13 | hK | ChossMx · tribute_sent a jugador 6 |
| 97:13 | hK | ChossMx · tribute_sent a jugador 7 |
| 97:13 | hK | ChossMx · tribute_sent a jugador 8 |
| 97:20 | Nheltarion · wall_segment Stone Wall x7 |
| 97:24 | Nheltarion · wall_segment Stone Wall x5 |
| 97:26 | hK | Anubis · tribute_sent a jugador 2 |
| 97:26 | hK | Anubis · tribute_sent a jugador 3 |
| 97:26 | hK | Anubis · tribute_sent a jugador 4 |
| 97:26 | hK | Anubis · tribute_sent a jugador 5 |
| 97:26 | hK | Anubis · tribute_sent a jugador 6 |
| 97:26 | hK | Anubis · tribute_sent a jugador 7 |
| 97:26 | hK | Anubis · tribute_sent a jugador 8 |
| 97:27 | Nheltarion · wall_segment Stone Wall x1 |
| 97:48 | Cagata Sonante · tribute_sent a jugador 1 |
| 97:48 | Cagata Sonante · tribute_sent a jugador 2 |
| 97:48 | Cagata Sonante · tribute_sent a jugador 3 |
| 97:48 | Cagata Sonante · tribute_sent a jugador 4 |
| 97:48 | Cagata Sonante · tribute_sent a jugador 5 |
| 97:48 | Cagata Sonante · tribute_sent a jugador 6 |
| 97:48 | Cagata Sonante · tribute_sent a jugador 7 |
| 98:45 | KH | BooMBastic_ · wall_segment Stone Wall x3 |
| 98:51 | RoR | Hellequinn · wall_segment Stone Wall x32 |
| 99:56 | Nheltarion · wall_segment Stone Wall x1 |
| 99:59 | Nheltarion · wall_segment Stone Wall x1 |
| 100:07 | Nheltarion · tribute_sent a jugador 1 |
| 100:07 | Nheltarion · tribute_sent a jugador 2 |
| 100:07 | Nheltarion · tribute_sent a jugador 3 |
| 100:07 | Nheltarion · tribute_sent a jugador 5 |
| 100:07 | Nheltarion · tribute_sent a jugador 6 |
| 100:07 | Nheltarion · tribute_sent a jugador 7 |
| 100:07 | Nheltarion · tribute_sent a jugador 8 |
| 100:58 | hK | Anubis · wall_segment Stone Wall x5 |
| 101:50 | hK | Anubis · wall_segment Stone Wall x1 |
| 102:31 | RoR | Hellequinn · wall_segment Stone Wall x12 |
| 102:49 | hK | ChossMx · tribute_sent a jugador 1 |
| 102:49 | hK | ChossMx · tribute_sent a jugador 2 |
| 102:49 | hK | ChossMx · tribute_sent a jugador 4 |
| 102:49 | hK | ChossMx · tribute_sent a jugador 5 |
| 102:49 | hK | ChossMx · tribute_sent a jugador 6 |
| 102:49 | hK | ChossMx · tribute_sent a jugador 7 |
| 102:49 | hK | ChossMx · tribute_sent a jugador 8 |
| 103:14 | Nheltarion · tribute_sent a jugador 1 |
| 103:14 | Nheltarion · tribute_sent a jugador 2 |
| 103:14 | Nheltarion · tribute_sent a jugador 3 |
| 103:14 | Nheltarion · tribute_sent a jugador 5 |
| 103:14 | Nheltarion · tribute_sent a jugador 6 |
| 103:14 | Nheltarion · tribute_sent a jugador 7 |
| 103:14 | Nheltarion · tribute_sent a jugador 8 |
| 103:18 | RoR | Hellequinn · first_building Monastery |
| 103:28 | Simvall · wall_segment Palisade Wall x1 |
| 104:04 | RoR | Hellequinn · wall_segment Palisade Wall x17 |
| 105:15 | [KOF] Raychu · wall_segment Stone Wall x13 |
| 105:59 | hK | Anubis · resign |
[ AI ANALYSIS · 1 CREDIT ]
What really happened in this match?
Wolo.gg analyzes every decision: build order, eco, micro, common mistakes by bracket. Personalized analysis on WhatsApp or Discord in 30 seconds.
Civ guide
Bengalis
Perfil
Jugador #2163